 Dungeon Crawl Stone Soup version 0.25.0-9-g26727b657a (webtiles) character file.

Game seed: 14709830382625872008

149 shadizar the Insei (level 5, 0/35 HPs)
             Began as an Octopode Transmuter on June 21, 2020.
             Slain by a gnoll
             ... wielding a +0 spear
              (11 damage)
             ... on level 2 of the Dungeon.
             The game lasted 00:02:55 (2314 turns).

shadizar the Insei (Octopode Transmuter)            Turns: 2314, Time: 00:02:56

Health: 0/35       AC:  1    Str: 10    XL:     5   Next: 31%
Magic:  7/8        EV: 13    Int: 16    God:
Gold:   95         SH:  0    Dex: 12    Spells: 5/8 levels left

rFire    . . .     SeeInvis .     - Unarmed
rCold    . . .     Gourm    .   (no shield)
rNeg     . . .     Faith    .   (helmet restricted)
rPois    .         Spirit   .   (no amulet)
rElec    .         Reflect  .   (no ring)
rCorr    .         Harm     .   (no ring)
MR       .....                  (no ring)
Stlth    +++.......             (no ring)
HPRegen  0.11/turn              (no ring)
MPRegen  0.11/turn              (no ring)
                                (no ring)
                                (no ring)

@: appendage
A: almost no armour, stealthy swim, amphibious, 8 rings, constrict 8, tentacle
spike 3, camouflage 1, gelatinous body 1
a: End Transformation


You were on level 2 of the Dungeon.
You were hungry.
One of your tentacles had a temporary spike.
You visited 1 branch of the dungeon, and saw 2 of its levels.

You collected 95 gold pieces.

Inventory:

Missiles
 a - 12 arrows
Scrolls
 d - a scroll of amnesia {unknown}
 e - a scroll of teleportation {unknown}
 i - 2 scrolls of identify {unknown}
 j - a scroll of fear {unknown}
Potions
 b - 3 potions of curing {unknown}
 g - 3 potions of brilliance {unknown}
 h - a potion of flight {unknown}
Comestibles
 c - 4 rations
 f - 3 chunks of flesh


   Skills:
 + Level 2.6 Fighting
 - Level 2.1 Dodging
 + Level 3.4 Stealth
 + Level 4.4 Unarmed Combat
 - Level 2.0 Spellcasting
 - Level 2.0 Transmutations


You had 5 spell levels left.
You knew the following spells:

 Your Spells              Type           Power        Failure   Level  Hunger
a - Beastly Appendage     Tmut           #.....       9%          1    #......
b - Sticks to Snakes      Tmut           #.......     14%         2    ###....

Your spell library contained the following spells:

 Spells                   Type           Power        Failure   Level  Hunger
 Spider Form              Tmut/Pois      #.........   38%         3    ###....
 Ice Form                 Ice/Tmut       #.......     80%         4    #####..
 Blade Hands              Tmut           #.........   94%         5    ######.


Dungeon Overview and Level Annotations

Branches:
Dungeon (2/15)

Altars:


Innate Abilities, Weirdness & Mutations

You cannot wear most types of armour.
You are very stealthy in the water. (Stealth+)
You are amphibious.
You can wear up to eight rings at the same time.
You can use your tentacles to constrict eight enemies at once.
Your skin changes colour to match your surroundings (Stealth+).
Your rubbery body absorbs attacks. (AC +1, EV +1)
One of your tentacles bears a large vicious spike.


Message History

The gnoll hits you with a +0 halberd.
You are feeling hungry.
You barely miss the gnoll. You grab the gnoll.
You pierce the gnoll.
You squeeze the gnoll.
The gnoll is heavily wounded.
You constrict the gnoll. The gnoll barely misses you.
You tentacle-slap the gnoll but do no damage.
You pierce the gnoll.
The gnoll is severely wounded.
You constrict the gnoll. The gnoll barely misses you.
The gnoll hits you from afar with a +0 spear.
You tentacle-slap the gnoll.
You kill the gnoll!
The gnoll hits you from afar with a +0 spear.
The gnoll hits you with a +0 spear!
Things that are here:
a +0 halberd; a gnoll corpse You are too injured to fight recklessly!
The gnoll hits you from afar with a +0 spear!
You die...

###.#..)........#
#.#.########.## ###.#.#
#.# ......########.#
###.#.......##.#
#.#.#####.##g# #.#ยง#
#.# ###)#.#
#.##g######## .....^#
#....)@.....# ..>#..#
#####.#####.###########
##.#g.#
#.###..............
#s#g.#
#.##...............
#.#..#
#.##...###...###...
#.#..# ##.##...# #...#
#... ##.#..#
#.......###...###...
.gg...#
#..###..............
##.##.# #..#
#..............


You could see a gnoll.

Vanquished Creatures
  A hound (D:2)
  A jelly (D:2)
  A gnoll (D:2)
  An adder (D:2)
  An ooze (D:2)
  2 worms (D:2)
  6 leopard geckos
  5 giant cockroaches
  3 hobgoblins
  6 jackals
  2 ball pythons
  11 bats
  5 frilled lizards
  3 goblins
  7 kobolds
  3 rats
58 creatures vanquished.

Notes
Turn   | Place    | Note
-------+----------+-------------------------------------------
     0 | D:1      | shadizar the Octopode Transmuter began the quest for the
                  | Orb.
     0 | D:1      | Reached XP level 1. HP: 13/13 MP: 3/3
   171 | D:1      | Reached XP level 2. HP: 18/18 MP: 5/5
   592 | D:1      | Learned a level 2 spell: Sticks to Snakes
   615 | D:1      | Reached skill level 1 in Stealth
   625 | D:1      | Reached XP level 3. HP: 23/23 MP: 6/6
  1077 | D:2      | Reached skill level 4 in Unarmed Combat
  1077 | D:2      | Reached XP level 4. HP: 16/29 MP: 7/7
  1581 | D:2      | Reached XP level 5. HP: 35/35 MP: 8/8
  2314 | D:2      | Slain by a gnoll

Illustrated notes

Levels and vault maps discovered:
D:1:      roderic_crossed_star, layout_basic
D:2:      layout_loops_ring, kennysheep_boxes

Skill      XL: |  1  2  3  4 |
---------------+-------------+-----
Stealth        | 1 2 3 |  3.4
Unarmed Combat | 4 |  4.4
Fighting       | 2 |  2.6
Dodging        | |  2.1
Spellcasting   | |  2.0
Transmutations | |  2.0

Action                   |  1- 3 |  4- 6 || total
-------------------------+-------+-------++-------
Melee: Unarmed           |    63 |    72 ||   135
       Constrict         |    16 |    17 ||    33
       Tentacles         |    11 |     9 ||    20
       Kick              |       |     6 ||     6
       Punch             |       |     2 ||     2
 Cast: Beastly Appendage |       |     3 ||     3
 Stab: Sleeping          |     7 |     8 ||    15
  Eat: Chunk             |       |     4 ||     4
Armor: Skin              |     7 |     3 ||    10
Dodge: Dodged            |    43 |    52 ||    95
